 Dungeon Crawl Stone Soup version 0.30.1-11-g7821555f0a (webtiles) character file.

Game seed: 15551855636210229084

35904 ChrisAssaf the Thaumaturge (level 13, 0/104 HPs)
             Began as a Purple Draconian Necromancer on Dec 18, 2023.
             Was an Elder of Jiyva.
             Slain by a shard shrike (4 damage)
             ... in an ice cave.
             The game lasted 01:17:11 (11504 turns).

ChrisAssaf the Thaumaturge (DrNe)                  Turns: 11504, Time: 01:17:11

Health: 0/104      AC: 14    Str: 18    XL:     13   Next: 50%
Magic:  0/28       EV: 14    Int: 18    God:    Jiyva [****..]
Gold:   630        SH:  0    Dex: 11    Spells: 13/34 levels left

rFire   . . .        w - +3 trident of the Inviting Boar {venom, rPois}
rCold   + . .        (no shield)
rNeg    . . .        (body armour unavailable)
rPois   +            (helmet restricted)
rElec   .            g - +2 cloak
rCorr   +            m - +2 pair of gloves of the Stars {Str+4}
SInv    .            (no boots)
Will    ++...        b - amulet of guardian spirit
Stlth   ++++         e - ring of willpower
HPRegen 1.65/turn    l - ring of protection from cold
MPRegen 0.61/turn

%: guardian spirit
@: short of breath, frozen, very slow
A: breathe power, AC +8, unfitting armour, cold-blooded, horns 1, mutation
resistance 2, wild magic 3, acidic bite, translucent skin 3, jelly absorbing
missiles
a: Breathe Dispelling Energy, Renounce Religion, Oozemancy, Slimify


You were in an ice cave.
You worshipped Jiyva.
Jiyva was greatly pleased with you.
You visited 3 branches of the dungeon, and saw 15 of its levels.
You also visited: Sewer and Ice Cave.

You collected 630 gold pieces.

Inventory:

Hand Weapons
 a - a +2 great sword
 w - the +3 trident of the Inviting Boar (weapon) {venom, rPois}
   (You found it on level 11 of the Dungeon)

   rPois:     It protects you from poison.
Armour
 g - a +2 cloak (worn)
 m - the +2 pair of gloves of the Stars (worn) {Str+4}
   (You found it in an ice cave)

   Str:       It affects your strength (+4).
Jewellery
 b - an amulet of guardian spirit (around neck)
 e - a ring of willpower (left hand)
 l - a ring of protection from cold (right hand)
Wands
 i - a wand of digging (5)
 j - a wand of mindburst (5)
 v - a wand of paralysis (5)
 C - a wand of flame (9)
 D - a wand of polymorph (3)
Scrolls
 h - 3 scrolls of vulnerability
 q - a scroll of magic mapping
 s - a scroll of teleportation
 x - a scroll of poison
 z - a scroll of enchant armour
 A - a scroll of immolation
Potions
 c - 3 potions of attraction
 d - 2 potions of brilliance
 k - 4 potions of curing
 n - 3 potions of haste
 p - 2 potions of resistance
 t - a potion of flight
 B - a potion of magic
Miscellaneous
 f - a tin of tremorstones (inert)
 o - a lightning rod (4/4)
 r - a phantom mirror (inert)
 u - a piece from Xom's chessboard (15/15)


   Skills:
 * Level 6.7 Fighting
 * Level 7.0 Long Blades
 * Level 4.0(4.9) Polearms
 * Level 4.4(5.1) Staves
 * Level 3.3 Throwing
 * Level 6.3 Dodging
 * Level 6.8 Stealth
 + Level 0.1 Unarmed Combat
 * Level 11.4 Spellcasting
 * Level 6.3 Conjurations
 * Level 6.7 Hexes
 * Level 10.5 Necromancy
 * Level 4.9 Fire Magic
 * Level 5.6 Evocations


You had 13 spell levels left.
You knew the following spells:

 Your Spells              Type           Power      Damage    Failure   Level
a - Necrotise             Necr           100%       1d9       2%          1
b - Vampiric Draining     Necr           75%        2d11      3%          3
c - Kiss of Death         Conj/Necr      100%       2d13      3%          1
d - Animate Dead          Necr           75%        N/A       6%          4
e - Confusing Touch       Hex            60%        N/A       8%          3
f - Dispel Undead         Necr           75%        3d25      6%          4
g - Fireball              Conj/Fire      27%        3d12      43%         5

Your spell library contained the following spells:

 Spells                   Type           Power      Damage    Failure   Level
 Foxfire                  Conj/Fire      100%       2x1d9     5%          1
 Agony                    Necr           75%        N/A       12%         5
 Beastly Appendage        Tmut           38%        N/A       22%         1
 Wereblood                Tmut           19%        N/A       30%         2
 Spider Form              Tmut/Pois      19%        N/A       45%         3
 Starburst                Conj/Fire      27%        6d9       89%         6
 Plasma Beam              Fire/Air       18%        2x1d32    99%         6


Dungeon Overview and Level Annotations

Branches:
Dungeon (11/15)            Temple (0/1) D:4            Lair (3/5) D:11
 Spider (1/4) Lair:3          Orc (0/2) D:11          Sewer (visited)
  IceCv (1/1)
  Swamp: Lair:2-3    Shoals: Lair:2-3

Altars:
Cheibriados
Fedhas
Gozag
Hepliaklqana
Makhleb
Qazlal
Trog
Uskayaw
Xom
Yredelemnul
Jiyva

Annotations:
D:8 exclusion: oklob plant


Innate Abilities, Weirdness & Mutations

You can breathe bolts of dispelling energy.
Your rich purple scales are hard. (AC +8)
You cannot fit into any form of body armour.
You are cold-blooded and may be slowed by cold attacks.
You have a pair of small horns on your head.
You are somewhat resistant to both further mutation and mutation removal.
Your spells are much harder to cast, but much more powerful.
You have acidic saliva.
Your transparent skin significantly reduces your foes' accuracy. (Stealth+)
You have a small jelly attached to you that may absorb projectiles.


Message History

Aim: a shard shrike (lightly wounded)
You draw life force from the shard shrike!
You feel life coursing into your body.
Your shard shrike barely misses the ironbound frostheart.
The shard shrike spits a shard of ice at you.
The shard of ice misses you. The white ugly thing barely misses you.
Casting: Vampiric Draining (mildly dangerous; 3% risk of failure)
Confirm with . or Enter, or press ? or * to list all spells.
Okay, then.
The white ugly thing attacks as you move away!
The white ugly thing pecks you. The white ugly thing freezes you! You resist.
Your shard shrike claws the ironbound frostheart.
Your shard shrike freezes the ironbound frostheart!
The ironbound frostheart resists.
The shard shrike spits a shard of ice at you.
The shard of ice hits you! You partially resist.
The ironbound frostheart calls freezing cold from the walls.
The frost grips you! You resist.
* * * LOW HITPOINT WARNING * * *
You are encased in ice.
The frost grips your shard shrike.
Your shard shrike resists.
You hear a distant slurping noise.
The white ugly thing attacks as you move away!
The white ugly thing pecks you.
* * * LOW HITPOINT WARNING * * *
The white ugly thing freezes you! You resist.
* * * LOW HITPOINT WARNING * * *
The shard shrike spits a shard of ice at you.
The shard of ice misses you.
The tremorstone explodes into fragments!
The burst of rock shards engulfs the shard shrike!!
The burst of rock shards engulfs the shard shrike!
The tin is emptied!
You hear a shout!
The shard shrike spits a shard of ice at you.
The shard of ice hits you!! You partially resist.
* * * LOW HITPOINT WARNING * * *
The shard shrike claws you.
You die...

.... ..†.. ## .....# ###. #..[.#
###... #.bp## #...## #..## ##..#
##k.# ###.###
###u.###≈≈≈##..##### ###
###.b@##≈≈≈≈≈≈##...##.
###.#####...###≈≈≈≈≈≈≈≈#..###.
###..#.##..#.#.#≈≈≈≈≈≈≈≈≈###..##
#..####..####.####≈≈≈≈≈≈≈##..###
###..# #######..##≈≈≈≈≈≈≈##..###
#.J.## ###....###≈≈≈≈≈~~####...#
..⌠..###...#....######~~~####..##
#...###..####†....##[.##~~##.#..#
##......## ##....††######~.#....


You could see a shard shrike, a white ugly thing and a rime drake.

Vanquished Creatures
  An ironbound frostheart (IceCv)
  A two-headed ogre (D:8)
  An orange crystal statue (IceCv)
  9 ugly things (IceCv)
  10 elephants
  A demonic crawler (Spider:1)
  2 cane toads
  3 kobold demonologists (D:11)
  15 rime drakes (IceCv)
  An unseen horror (D:11)
  3 komodo dragons
  16 polar bears
  Grinder (D:3)
  2 trolls
  A hornet (D:11)
  Prince Ribbit (D:6)
  A vampire (D:11)
  32 yaks
  3 wyverns
  A basilisk (Lair:1)
  2 steam dragons (D:9)
  Edmund (D:4)
  4 vampire mosquitoes (D:11)
  Menkaure (D:4)
  4 water moccasins
  A swamp drake (D:11)
  5 ice beasts
  2 black bears
  3 sky beasts
  Pargi (Sewer)
  3 orc warriors
  4 ogres
  6 centaurs
  The ghost of whendricso the Ducker, an amateur DjHW (D:4)
  2 vampire mosquito zombies (D:11)
  4 rime drake zombies (IceCv)
  A gnoll sergeant (D:6)
  A kobold brigand (D:11)
  5 bullfrogs
  8 wights
  5 yak zombies
  A polar bear zombie (IceCv)
  18 killer bees
  2 howler monkeys
  A bullfrog zombie (Lair:1)
  A gnoll bouda (D:7)
  A hound (D:6)
  Crazy Yiuf (D:3)
  8 orc priests
  Terence (D:3)
  4 iguanas
  5 orc wizards
  An ogre zombie (D:11)
  Robin (D:2)
  A steam dragon zombie (D:9)
  6 gnolls
  9 adders
  A swamp drake zombie (D:11)
  2 white imps (D:6)
  2 ufetubi
  A worm (D:3)
  24 orcs
  3 ball pythons
  4 giant cockroaches
  13 goblins
  5 hobgoblins
  5 jackals
  A quokka (D:4)
  4 bats
  3 frilled lizards
  13 kobolds
  3 rats
314 creatures vanquished.

Vanquished Creatures (collateral kills)
  An ironbound frostheart (IceCv)
  An ugly thing (IceCv)
  Maggie (D:6)
  3 rime drakes (IceCv)
  2 komodo dragons
  7 yaks
  Eustachio (D:6)
  A wyvern (D:11)
  2 steam dragons
  A basilisk (D:11)
  A redback (Lair:3)
  A swamp drake (D:11)
  A sky beast (D:9)
  2 bullfrogs (D:8)
  7 killer bees
  A howler monkey (D:6)
  2 orc priests
  2 orc wizards
  A worm (D:5)
  5 orcs
  A ball python (D:4)
  A giant cockroach (Sewer)
  3 goblins
  2 kobolds
50 creatures vanquished.

Vanquished Creatures (others)
  An ice dragon (IceCv)
  An ironbound frostheart (IceCv)
  2 rime drakes (IceCv)
  A hornet (D:9)
  A yak (D:9)
  A two-headed ogre zombie (D:8)
  An ogre (D:5)
  2 centaurs
  A rime drake zombie (IceCv)
  A scorpion (D:6)
  A wyvern zombie (D:11)
  3 yak zombies
  2 killer bees (D:6)
  24 jellies
  A centaur zombie (D:7)
  2 orc priests
  3 orc wizards
  9 killer bee zombies
  A howler monkey zombie (D:4)
  2 gnolls (D:6)
  4 adders
  2 adder zombies (D:6)
  13 orcs
  3 bats
  2 endoplasms (D:3)
  A giant cockroach (D:1)
  6 goblins
  A hobgoblin (D:1)
  3 ball pythons
  2 frilled lizards (D:2)
  2 goblin zombies (D:4)
  2 kobolds
  3 orc zombies
104 creatures vanquished.

Grand Total: 468 creatures vanquished

Notes
Turn   | Place    | Note
-------+----------+-------------------------------------------
     0 | D:1      | ChrisAssaf the Draconian Necromancer began the quest for
                  | the Orb.
     0 | D:1      | Reached XP level 1. HP: 14/14 MP: 3/3
   152 | D:1      | Found a faded altar of an unknown god.
   166 | D:1      | Prayed at the altar of an unknown god.
   166 | D:1      | Became a worshipper of Jiyva Jafotzuy the Shapeless
   166 | D:1      | Reached * piety under Jiyva
   250 | D:1      | Reached XP level 2. HP: 20/20 MP: 3/5
   521 | D:1      | Reached ** piety under Jiyva
   999 | D:2      | Noticed Robin
  1044 | D:2      | Killed Robin
  1045 | D:2      | Reached XP level 3. HP: 27/27 MP: 0/6
  1065 | D:1      | Learned a level 3 spell: Vampiric Draining
  1067 | D:1      | Learned a level 1 spell: Kiss of Death
  1283 | D:2      | Reached skill level 1 in Fighting
  1354 | D:2      | Reached *** piety under Jiyva
  1727 | D:3      | Gained mutation: You have a pair of small horns on your
                  | head. [Jiyva's grace]
  1727 | D:3      | Gained mutation: You have a pair of horns on your head.
                  | [Jiyva's grace]
  1727 | D:3      | Gained mutation: You have a pair of large horns on your
                  | head. [Jiyva's grace]
  1727 | D:3      | Gained mutation: You are agile. (Dex +4, Str/Int -1)
                  | [Jiyva's grace]
  1877 | D:3      | Reached XP level 4. HP: 33/33 MP: 5/8
  1884 | D:3      | Noticed Terence
  1917 | D:3      | Noticed Grinder
  1922 | D:3      | Killed Terence
  1937 | D:3      | Paralysed by Grinder for 5 turns
  1951 | D:3      | Paralysed by Grinder for 3 turns
  2003 | D:3      | Killed Grinder
  2004 | D:3      | Reached skill level 3 in Spellcasting
  2004 | D:3      | Reached skill level 1 in Conjurations
  2004 | D:3      | Reached skill level 5 in Necromancy
  2004 | D:3      | Reached XP level 5. HP: 41/41 MP: 8/10
  2004 | D:3      | Reached XP level 6. HP: 48/48 MP: 8/11
  2044 | D:3      | Found a burning altar of Makhleb.
  2054 | D:3      | Learned a level 4 spell: Animate Dead
  2058 | D:3      | Learned a level 3 spell: Confusing Touch
  2255 | D:3      | Found a runed translucent door.
  2256 | D:3      | Noticed Crazy Yiuf
  2274 | D:3      | Killed Crazy Yiuf
  2539 | D:4      | Found a staircase to the Ecumenical Temple.
  2564 | D:4      | Reached skill level 4 in Spellcasting
  2682 | D:4      | Noticed Menkaure
  2689 | D:4      | Killed Menkaure
  2690 | D:4      | Your scales start taking on a rich purple colour.
  2690 | D:4      | Reached skill level 5 in Spellcasting
  2690 | D:4      | Reached XP level 7. HP: 55/55 MP: 14/14
  2707 | D:4      | Reached **** piety under Jiyva
  2865 | D:4      | Found a runed translucent gate.
  2866 | D:4      | Found a runed translucent gate.
  2867 | D:4      | Found a runed translucent gate.
  2869 | D:4      | Noticed whendricso's ghost (amateur DjHW)
  2941 | D:4      | a kobold brigand changed into a slime creature
  2941 | D:4      | Noticed a slime creature
  2949 | D:4      | Killed whendricso's ghost
  2950 | D:4      | Reached skill level 1 in Staves
  3091 | D:4      | Reached skill level 1 in Hexes
  3134 | D:4      | Noticed Edmund
  3151 | D:4      | Killed Edmund
  3160 | D:4      | Learned a level 4 spell: Dispel Undead
  3431 | D:5      | Entered Level 5 of the Dungeon
  3441 | D:5      | Reached XP level 8. HP: 61/62 MP: 12/16
  3541 | D:5      | Reached skill level 1 in Long Blades
  3569 | D:5      | Lost mutation: You are agile. (Dex +4, Str/Int -1) [Jiyva's
                  | grace]
  3569 | D:5      | Gained mutation: Armour fits poorly on your pseudopods.
                  | [Jiyva's grace]
  3569 | D:5      | Gained mutation: Armour fits poorly on your large
                  | pseudopods. [Jiyva's grace]
  3569 | D:5      | Gained mutation: Armour fits poorly on your massive
                  | pseudopods. [Jiyva's grace]
  3569 | D:5      | Gained mutation: You are somewhat resistant to further
                  | mutation. [Jiyva's grace]
  3583 | D:5      | Found a glowing drain.
  3603 | Sewer    | Entered a sewer
  3655 | Sewer    | Noticed Pargi
  3688 | Sewer    | Killed Pargi
  3689 | Sewer    | Reached skill level 6 in Spellcasting
  4021 | D:5      | Reached ***** piety under Jiyva
  4363 | D:6      | Found a hide-covered altar of Uskayaw.
  4363 | D:6      | Noticed Prince Ribbit
  4381 | D:6      | Killed Prince Ribbit
  4394 | D:6      | Noticed Maggie
  4395 | D:6      | Noticed Eustachio
  4401 | D:6      | Killed Maggie
  4402 | D:6      | Reached XP level 9. HP: 52/71 MP: 8/19
  4402 | D:6      | Killed Eustachio
  4426 | D:6      | Reached skill level 7 in Spellcasting
  4446 | D:6      | Learned a level 5 spell: Fireball
  4637 | D:6      | Reached skill level 1 in Evocations
  4747 | D:6      | Found a basalt altar of Yredelemnul.
  4832 | D:6      | Found a stormy altar of Qazlal.
  5253 | D:7      | Reached skill level 1 in Fire Magic
  5448 | D:7      | Lost mutation: Armour fits poorly on your massive
                  | pseudopods. [Jiyva's grace]
  5448 | D:7      | Gained mutation: Your translucent skin slightly reduces
                  | your foes' accuracy. (Stealth+) [Jiyva's grace]
  5448 | D:7      | Gained mutation: Your translucent skin reduces your foes'
                  | accuracy. (Stealth+) [Jiyva's grace]
  5448 | D:7      | Gained mutation: Your transparent skin significantly
                  | reduces your foes' accuracy. (Stealth+) [Jiyva's grace]
  5448 | D:7      | Gained mutation: You have a small jelly attached to you
                  | that may absorb projectiles. [Jiyva's grace]
  5514 | D:7      | Reached XP level 10. HP: 79/80 MP: 21/21
  5962 | D:8      | Reached skill level 8 in Spellcasting
  6016 | D:8      | Noticed a two-headed ogre
  6035 | D:8      | Killed a two-headed ogre
  6330 | D:8      | Reached skill level 5 in Stealth
  6352 | D:8      | Reached skill level 5 in Fighting
  6730 | D:8      | Found a blossoming altar of Fedhas.
  6731 | D:8      | Reached ****** piety under Jiyva
  6754 | D:8      | Noticed an oklob plant
  7336 | D:9      | Found an opulent altar of Gozag.
  7336 | D:9      | Found a snail-covered altar of Cheibriados.
  7490 | D:9      | Reached skill level 5 in Long Blades
  7548 | D:9      | Reached XP level 11. HP: 84/86 MP: 6/23
  7554 | D:9      | Reached skill level 5 in Dodging
  7555 | D:9      | Reached skill level 9 in Spellcasting
  7602 | D:9      | Lost mutation: Armour fits poorly on your large pseudopods.
                  | [Jiyva's grace]
  7602 | D:9      | Lost mutation: Your transparent skin significantly reduces
                  | your foes' accuracy. (Stealth+) [Jiyva's grace]
  7602 | D:9      | Gained mutation: Your transparent skin significantly
                  | reduces your foes' accuracy. (Stealth+) [Jiyva's grace]
  7602 | D:9      | Gained mutation: You have acidic saliva. [Jiyva's grace]
  7602 | D:9      | Gained mutation: You are covered in slimy tendrils that may
                  | disarm your opponents. [Jiyva's grace]
  7602 | D:9      | Gained mutation: Your body has grown eyes which may confuse
                  | attackers. (Acc +3) [Jiyva's grace]
  7912 | D:10     | Entered Level 10 of the Dungeon
  7927 | D:10     | Reached skill level 5 in Hexes
  8865 | D:11     | Found a staircase to the Lair.
  8871 | D:11     | Identified the +3 trident of the Inviting Boar {venom,
                  | rPois}
  9089 | D:11     | Reached skill level 5 in Conjurations
  9234 | D:11     | Reached skill level 1 in Polearms
  9466 | D:11     | Reached skill level 1 in Throwing
  9501 | D:11     | Found a staircase to the Orcish Mines.
  9683 | D:11     | Found a white marble altar of Elyvilon.
  9685 | D:11     | Found a shimmering altar of Xom.
  9685 | D:11     | Found a burning altar of Makhleb.
  9687 | D:11     | Found a basalt altar of Yredelemnul.
  9687 | D:11     | Found a bloodstained altar of Trog.
  9687 | D:11     | Found a hazy altar of Hepliaklqana.
 10195 | Lair:1   | Entered Level 1 of the Lair of Beasts
 10232 | Lair:1   | Reached XP level 12. HP: 95/95 MP: 20/25
 10393 | Lair:1   | Reached skill level 10 in Spellcasting
 10473 | Lair:2   | Lost mutation: You have a pair of large horns on your head.
                  | [Jiyva's grace]
 10473 | Lair:2   | Lost mutation: You have a pair of horns on your head.
                  | [Jiyva's grace]
 10473 | Lair:2   | Lost mutation: Your body has grown eyes which may confuse
                  | attackers. (Acc +3) [Jiyva's grace]
 10473 | Lair:2   | Lost mutation: Armour fits poorly on your pseudopods.
                  | [Jiyva's grace]
 10473 | Lair:2   | Lost mutation: You are covered in slimy tendrils that may
                  | disarm your opponents. [Jiyva's grace]
 10473 | Lair:2   | Gained mutation: Your spells are a little harder to cast,
                  | but a little more powerful. [Jiyva's grace]
 10473 | Lair:2   | Gained mutation: Your spells are harder to cast, but more
                  | powerful. [Jiyva's grace]
 10473 | Lair:2   | Gained mutation: Your spells are much harder to cast, but
                  | much more powerful. [Jiyva's grace]
 10473 | Lair:2   | Gained mutation: You are somewhat resistant to both further
                  | mutation and mutation removal. [Jiyva's grace]
 10743 | Lair:3   | Found a hole to the Spider Nest.
 10783 | Spider:1 | Entered Level 1 of the Spider Nest
 10873 | Spider:1 | Reached skill level 5 in Evocations
 10945 | Spider:1 | Found a frozen archway.
 10953 | IceCv    | Entered an ice cave
 10972 | IceCv    | Reached skill level 10 in Necromancy
 11046 | IceCv    | Identified the +2 pair of gloves of the Stars {Str+4}
 11079 | IceCv    | Noticed an ironbound frostheart
 11083 | IceCv    | Noticed an ice dragon
 11159 | IceCv    | Reached skill level 11 in Spellcasting
 11159 | IceCv    | Reached XP level 13. HP: 96/103 MP: 11/28
 11459 | IceCv    | Noticed a white draconian
 11464 | IceCv    | Slimified a white draconian
 11464 | IceCv    | a white draconian changed into an azure jelly
 11464 | IceCv    | Noticed an azure jelly
 11492 | IceCv    | Noticed a shard shrike
 11504 | IceCv    | HP: 4/104 [shard shrike/shard of ice (16)]
 11504 | IceCv    | Slain by a shard shrike

Illustrated notes

Levels and vault maps discovered:
D:1:      amcnicky_arrival_blooded_trapdoor, layout_loops_ring,
          chequers_ecumenical_altar_simple
D:2:      layout_basic, serial_curves, eino_curves_02, eino_curves_04,
          eino_curves_02, eino_curves_01, uniq_robin
D:3:      layout_basic, mainiacjoe_overflow_paths, uniq_terence,
          uniq_crazy_yiuf_cottage, uniq_grinder
D:4:      layout_basic, minmay_temple_entry_wispy, gammafunk_ghost_split,
          uniq_edmund, uniq_menkaure
D:5:      layout_gridville, gup_sewer_entry_glass
D:6:      layout_basic, nicolae_qazlal_style_of_elements,
          hangedman_feature_mirror, hangedman_abyss_or_decor_jellyfish_corner,
          uniq_eustachio, uniq_maggie, uniq_prince_ribbit1
D:7:      layout_cave_pools, supply_closet_lemuel, minmay_small_thing
D:8:      layout_basic, tgw_fedhas, serial_corexii_hall,
          corexii_hall_statues_deadend, corexii_hall_statues_l,
          kennysheep_generic_room_10
D:9:      layout_rooms, gammafunk_temple_overflow_wave, hangedman_misty_isle
D:10:     layout_loops_cross, kennysheep_donut
D:11:     layout_roguey, erik_lair_dragon, erik_orc_1, serial_corexii_hall,
          corexii_hall_statues_l, corexii_hall_statues_u, doesnt_xom_only_xom
Lair:1:   layout_cave_pods, gammafunk_ghost_abyssal_escape, uniq_harold
Lair:2:   layout_cave_pods, basic_altar, serial_bayou_ford_a,
          nicolae_quartered_pool_medium, beast_lair_carwin_4
Lair:3:   layout_misc_corridors, shoals_dummy_entry, spider_nest_entry_rubble,
          chequers_serial_rivers_large_b, uniq_snorg
Spider:1: layout_spider_delve, portal_ice_cave_entry_pillars_2, uniq_jorgrun
IceCv:    ice_cave_caverns_02

Skill      XL: |  1  2  3  4  5  6  7  8  9 10 11 12 13 |
---------------+----------------------------------------+-----
Stealth        | 2 3 4 5 6 |  6.8
Fighting       | 1 2 3 4 5 6 |  6.7
Dodging        | 2 3 4 5 6 |  6.3
Spellcasting   | 3 5 6 7 8 9 11 | 11.4
Conjurations   | 1 2 3 4 5 6 |  6.3
Necromancy     | 5 6 7 8 9 10 | 10.5
Staves         | 2 3 4 |  4.4
Hexes          | 1 3 4 5 6 |  6.7
Long Blades    | 2 4 5 6 7 |  7.0
Evocations     | 1 3 4 5 |  5.6
Fire Magic     | 1 2 3 4 |  4.9
Polearms       | 1 3 4 |  4.0
Throwing       | 1 2 3 |  3.3
Unarmed Combat | |  0.1

Action                     |  1- 3 |  4- 6 |  7- 9 | 10-12 | 13-15 || total
---------------------------+-------+-------+-------+-------+-------++-------
  Melee: Unarmed           |     5 |     8 |       |       |       ||    13
         Quarterstaff      |       |    18 |    36 |       |       ||    54
         Headbutt          |       |     5 |    22 |    72 |    16 ||   115
         Tailslap          |       |       |    19 |    60 |    12 ||    91
         Great sword       |       |       |   116 |   112 |       ||   228
         Pseudopods        |       |       |    13 |    34 |       ||    47
         Trident           |       |       |       |   159 |    55 ||   214
         Bite              |       |       |       |    33 |     8 ||    41
         Punch             |       |       |       |     6 |     1 ||     7
  Throw: Dart              |       |       |       |     1 |     1 ||     2
   Cast: Necrotise         |    73 |    21 |    14 |    19 |     2 ||   129
         Vampiric Draining |     4 |     8 |    54 |   120 |    35 ||   221
         Kiss of Death     |     1 |       |       |     1 |       ||     2
         Animate Dead      |       |     3 |     5 |    13 |       ||    21
         Confusing Touch   |       |     2 |     2 |     1 |       ||     5
         Dispel Undead     |       |       |     6 |     9 |     1 ||    16
         Fireball          |       |       |       |     1 |       ||     1
 Invoke: Oozemancy         |       |     1 |       |     7 |     1 ||     9
         Slimify           |       |       |     1 |       |     1 ||     2
Ability: Breathe Dispellin |       |       |    18 |    48 |     6 ||    72
  Evoke: Tin of tremorston |       |       |     2 |     7 |     2 ||    11
         Lightning rod     |       |       |       |     7 |     1 ||     8
         Piece from Xom's  |       |       |       |     3 |       ||     3
         Wand              |       |       |       |     1 |     3 ||     4
         Phantom mirror    |       |       |       |     1 |     1 ||     2
    Use: Scroll            |     3 |       |     7 |     6 |       ||    16
         Potion            |     1 |     4 |     1 |     3 |       ||     9
   Stab: Sleeping          |       |       |     5 |     5 |       ||    10
         Paralysed         |       |       |       |     4 |       ||     4
         Distracted        |       |       |       |     1 |       ||     1
 Armour: Skin              |    20 |    28 |   148 |   228 |    55 ||   479
  Dodge: Dodged            |    48 |    50 |   258 |   615 |    90 ||  1061
